 Dungeon Crawl Stone Soup version 0.28-a0-683-ga8797d1ae1 (webtiles) character file.

Game seed: 9379462022592530505

86384 voltaire321 the Warrior (level 15, -21/129 HPs)
             Began as a Demonspawn Artificer on Oct 18, 2021.
             Was the Champion of Wu Jian.
             Killed from afar by a fire giant (37 damage)
             ... with a bolt of fire
             ... on level 15 of the Dungeon.
             The game lasted 01:47:29 (23456 turns).

voltaire321 the Warrior (Demonspawn Artificer)     Turns: 23456, Time: 01:47:30

Health: -21/129    AC: 33    Str: 14    XL:     15   Next: 40%
Magic:  0/24       EV: 10    Int: 14    God:    Wu Jian [******]
Gold:   3749       SH: 12    Dex: 17    Spells: 14/14 levels left

rFire   . . .      SeeInvis .   H - +3 scimitar (flame)
rCold   + . .      Faith    .   A - +2 kite shield {AC+3}
rNeg    . . .      Spirit   +   D - +3 chain mail {rC+}
rPois   +          Reflect  .   n - +2 helmet
rElec   .          Harm     .   (no cloak)
rCorr   .          Rampage  .   (no gloves)
Will    +++..                   K - +2 pair of boots of Parts Unknown {Will+ MP+9 Stlth+}
Stlth   ..........              v - amulet of regeneration
HPRegen 1.31/turn               w - ring of poison resistance
MPRegen 0.38/turn               J - +4 ring of protection

@: no status effects
A: icy blue scales 2, spiny 1, torment resistance 1, magic shield, magic
regeneration, demonic willpower, weakness stinger 2
a: Renounce Religion, Wall Jump, Serpent's Lash, Heavenly Storm


You were on level 15 of the Dungeon.
You worshipped Wu Jian.
Wu Jian was exalted by your worship.
You visited 4 branches of the dungeon, and saw 24 of its levels.

You collected 4079 gold pieces.
You spent 330 gold pieces at shops.

Inventory:

Hand Weapons
 f - a +2 lajatang of electrocution
 o - a +3 war axe of freezing
 p - a +0 rapier of flaming
 H - a +3 scimitar of flaming (weapon)
 L - a +2 broad axe
 O - the +2 whip "Ypemewiw" {flame, Dex+7}
   (You found it on level 3 of the Lair of Beasts)

   It burns those it strikes, dealing additional fire damage.
   Dex:       It affects your dexterity (+7).
Missiles
 g - 15 boomerangs (quivered)
 h - 98 poisoned darts
 m - a throwing net
Armour
 n - a +2 helmet (worn)
 A - a +2 kite shield of protection (worn)
 D - a +3 chain mail of cold resistance (worn)
 K - the +2 pair of boots of Parts Unknown (worn) {Will+ MP+9 Stlth+}
   (You found it on level 4 of the Lair of Beasts)

   MP:        It affects your magic capacity (+9).
   Will:      It increases your willpower.
   Stlth:     It makes you more stealthy.
 M - the +2 pair of boots of Tesarinn {Will+ Dex+4}
   (You found it on level 2 of the Lair of Beasts)

   Dex:       It affects your dexterity (+4).
   Will:      It increases your willpower.
 T - a +2 chain mail of poison resistance
Jewellery
 u - a +6 ring of dexterity
 v - an amulet of regeneration (around neck)
 w - a ring of poison resistance (left hand)
 E - a ring of fire
 I - a ring of protection from cold
 J - a +4 ring of protection (right hand)
Wands
 c - a wand of flame (24)
 d - a wand of charming (11)
 s - a wand of paralysis (27)
 Q - a wand of iceblast (28)
 S - a wand of digging (13)
Scrolls
 k - 6 scrolls of fog
 t - 4 scrolls of magic mapping
 x - 4 scrolls of enchant armour
 y - 2 scrolls of amnesia
 F - a scroll of summoning {unknown}
 P - 7 scrolls of identify
Potions
 a - a potion of ambrosia
 b - 2 potions of berserk rage
 i - 4 potions of mutation
 j - 3 potions of resistance
 l - 7 potions of curing
 q - a potion of heal wounds
 r - a potion of magic
 z - 3 potions of haste
 B - 2 potions of cancellation {unknown}
 C - 3 potions of flight
 G - 3 potions of might
Miscellaneous
 e - a piece from Xom's chessboard (15/15)


   Skills:
 + Level 15.5 Fighting
 + Level 13.4 Armour
 + Level 13.4 Dodging
 - Level 0.8 Stealth
 + Level 6.0 Shields
 - Level 10.0 Evocations


You had 14 spell levels left.
You didn't know any spells.
Your spell library contained the following spells:

 Spells                   Type           Power      Damage    Failure   Level
 Beastly Appendage        Tmut           0%         N/A       100%        1
 Magic Dart               Conj           0%         1d3       100%        1
 Blink                    Tloc           N/A        N/A       100%        2
 Searing Ray              Conj           0%         2d4       100%        2
 Wereblood                Tmut           0%         N/A       100%        2
 Spider Form              Tmut/Pois      0%         N/A       100%        3
 Stone Arrow              Conj/Erth      0%         3d7       100%        3
 Animate Armour           Summ/Erth      0%         N/A       100%        4
 Animate Dead             Necr           0%         N/A       100%        4
 Fulminant Prism          Conj/Hex       0%         3d6       100%        4
 Passage of Golubria      Tloc           0%         N/A       100%        4
 Manifold Assault         Tloc           0%         N/A       100%        5
 Silence                  Hex/Air        0%         N/A       100%        5
 Summon Forest            Summ/Tloc      0%         N/A       100%        5
 Eringya's Noxious Bog    Tmut/Pois      0%         N/A       100%        6
 Haunt                    Necr/Summ      0%         N/A       100%        7
 Storm Form               Tmut/Air       0%         N/A       100%        7
 Summon Hydra             Summ           0%         N/A       100%        7
 Infestation              Necr           0%         N/A       100%        8
 Lehudib's Crystal Spear  Conj/Erth      0%         10d2      100%        8


Dungeon Overview and Level Annotations

Branches:
Dungeon (15/15)            Temple (1/1) D:5            Lair (6/6) D:9
  Swamp (0/4) Lair:2       Spider (0/4) Lair:2        Slime (0/5) Lair:6
    Orc (2/2) D:11            Elf (0/3) Orc:2        Vaults (0/5) D:14
 Depths (0/4) D:15

Altars:
Ashenzari
Cheibriados
Dithmenos
Elyvilon
Fedhas
Gozag
Hepliaklqana
Kikubaaqudgha
Makhleb
Nemelex Xobeh
Okawaru
Qazlal
Ru
Sif Muna
Trog
Uskayaw
Vehumet
Wu Jian
Xom
Yredelemnul
Zin
The Shining One
Jiyva

Shops:
D:5 !   D:11 [   D:13 [   Orc:1 [   Orc:2 *:(!!

Annotations:
D:9 Harold
Lair:3 3 runed translucent doors, Tulew's ghost, journeyman NaTm
Lair:5 exclusion: 2 oklob plants


Innate Abilities, Weirdness & Mutations

You are mostly covered in icy blue scales. (AC +3)
You are partially covered in sharp spines.
You are resistant to unholy torment.
When hurt, damage is shared between your health and your magic reserves.
You regenerate magic rapidly.
You punish those that try to bend your will. (Will+)
You have a tail ending in a sharp stinger.


Message History

You see here an ugly thing corpse.
You now have 3726 gold pieces (gained 16).
l - 7 potions of curing (gained 1)
You now have 3749 gold pieces (gained 23).
A fire giant comes into view.
It is wielding a +2 great sword of flaming.
The fire giant shouts!
Found a staircase to the Depths.
The fire giant gestures at you while chanting.
The bolt of fire hits you!!
The fire giant is struck by your spines.
The fire giant hits you with a +2 great sword of flaming!
The fire giant burns you.
You slash the fire giant!
The fire giant is lightly wounded.
The fire giant hits you but does no damage.
You hit the fire giant but do no damage.
The fire giant is lightly wounded.
The fire giant gestures at you while chanting.
The bolt of fire hits you!!!
The fire giant hits you but does no damage.
You barely miss the fire giant.
The fire giant is lightly wounded.
The fire giant completely misses you.
You spin and attack the fire giant.
You barely miss the fire giant.
The fire giant is lightly wounded.
The fire giant casts a spell at you. The bolt of fire hits you!!!
* * * LOW HITPOINT WARNING * * *
A wolf spider simulacrum comes into view.
You spin and attack the fire giant.
You hit the fire giant.
The fire giant is lightly wounded.
The fire giant hits you with a +2 great sword of flaming!!
* * * LOW HITPOINT WARNING * * *
The fire giant burns you.
* * * LOW HITPOINT WARNING * * *
Okay, then.
You feel much better.
The fire giant gestures at you while chanting.
The bolt of fire hits you!!!
You die...

.......# #...§≈≈≈≈§≈§ ...[...#
#...≈.≈...≈≈≈≈. .......#
#.Z§§≈..>§§≈#.......# ######.#
#..≈§≈§§§§§≈≈......# #
#..§≈§§§≈§§≈.......# #
#.≈.#≈≈§§§#§≈.# #..# #
#....≈≈#§≈....# #..# #
##.C≈.≈§≈.≈..# #..# #
##.@.......# #..## # #.#
##..#.#..## #.... # #.#
#..#....# #..## # #.# #..###..#
#..# # #.#########.......# #..#
# #.................# #..#
######.................######..#
..................####.........#
..................# #.........#


You could see a fire giant and a wolf spider simulacrum.

Vanquished Creatures
  Kirke (Lair:6)
  Josephine (Orc:2)
  5 vault guards (D:14)
  2 boulder beetles
  2 catoblepae
  11 hydras
  2 ogre magi
  11 two-headed ogres
  3 centaur warriors
  A deep troll shaman (Lair:6)
  6 death yaks (Lair:6)
  2 orc high priests
  Urug (Lair:5)
  Sonja (Orc:2)
  A lindwurm (Lair:3)
  2 orc knights (Orc:2)
  3 deep elf pyromancers
  6 cyclopes
  9 ugly things
  5 orc sorcerers (Orc:2)
  16 elephants
  Maurice (Orc:2)
  A cane toad (shapeshifter) (D:13)
  5 black mambas
  12 cane toads
  Maggie (D:10)
  3 torpor snails
  7 rime drakes
  An efreet (D:13)
  10 komodo dragons
  3 kobold demonologists
  3 trolls
  Prince Ribbit (D:9)
  3 polar bears
  A hornet (D:9)
  A tyrant leech (Lair:2)
  4 dream sheep
  A raiju (shapeshifter) (D:15)
  14 blink frogs
  Sigmund (D:4)
  2 shadows
  3 spriggans (Lair:4)
  37 yaks
  6 wyverns
  4 vampires
  8 basilisks
  3 hogs (Lair:6)
  3 wraiths
  5 humans (D:14)
  3 steam dragons
  2 swamp worms (Lair:2)
  5 wargs
  12 water moccasins
  28 orc warriors
  A hornet zombie (D:7)
  3 black bears
  2 sky beasts (D:6)
  2 necrophages
  8 ogres
  4 boggarts (D:13)
  11 wolves
  3 centaurs
  4 kobold brigands
  9 bullfrogs
  A wyvern skeleton (D:5)
  2 water moccasin skeletons (D:4)
  6 killer bees (D:8)
  12 howler monkeys
  4 wights (D:7)
  7 electric eels
  3 jellies
  8 centaur zombies
  A hound (D:5)
  A gnoll shaman (D:5)
  22 orc priests
  2 centaur skeletons
  3 iguanas
  5 hell rats (Lair:6)
  43 orc wizards
  A howler monkey zombie (D:10)
  3 gnolls
  A howler monkey skeleton (D:4)
  6 adders
  A white imp (D:6)
  An ufetubus (D:6)
  4 dart slugs
  3 worms
  64 orcs
  3 ball pythons (D:4)
  2 bats
  A bat zombie (D:10)
  6 endoplasms
  A giant cockroach (D:1)
  11 goblins
  12 hobgoblins
  18 kobolds
  4 quokkas
  2 frilled lizards (D:3)
  7 rats
  2 rat zombies (D:10)
  3 butterflies (Lair:6)
608 creatures vanquished.

Vanquished Creatures (others)
  A cane toad (Lair:3)
  A rime drake (Lair:2)
  A basilisk (Lair:3)
  2 humans (D:14)
  An orc priest (Orc:1)
  An orc (Orc:1)
  2 bushes
  39 fungi
  159 plants
207 creatures vanquished.

Grand Total: 815 creatures vanquished

Notes
Turn   | Place    | Note
-------+----------+-------------------------------------------
     0 | D:1      | voltaire321 the Demonspawn Artificer began the quest for
                  | the Orb.
     0 | D:1      | Reached XP level 1. HP: 15/15 MP: 1/1
   281 | D:1      | Reached skill level 1 in Dodging
   695 | D:1      | Gained mutation: You are partially covered in icy blue
                  | scales. (AC +2) [demonic ancestry]
   695 | D:1      | Reached XP level 2. HP: 21/21 MP: 2/2
  1220 | D:1      | Found a faded altar of an unknown god.
  1630 | D:2      | Reached XP level 3. HP: 20/26 MP: 3/3
  2229 | D:2      | Reached skill level 2 in Fighting
  2502 | D:3      | Gained mutation: You regenerate magic rapidly. [demonic
                  | ancestry]
  2502 | D:3      | Reached XP level 4. HP: 33/33 MP: 4/4
  2572 | D:3      | Found a hide-covered altar of Uskayaw.
  2825 | D:3      | You fall into a shaft and drop 2 floors!
  2825 | D:5      | Entered Level 5 of the Dungeon
  2844 | D:5      | Found Kigudgh's Distillery.
  2986 | D:4      | Gained mutation: You are mostly covered in icy blue scales.
                  | (AC +3) [demonic ancestry]
  2986 | D:4      | Reached XP level 5. HP: 28/39 MP: 5/5
  3853 | D:3      | Found a broken altar of Ashenzari.
  3968 | D:4      | Found an ornate altar of the Wu Jian Council.
  4016 | D:4      | Noticed a necrophage
  4030 | D:4      | Killed a necrophage
  4031 | D:4      | Reached skill level 3 in Fighting
  4031 | D:4      | Gained mutation: You have a small tail. [demonic ancestry]
  4031 | D:4      | Reached XP level 6. HP: 39/47 MP: 6/6
  4234 | D:4      | Noticed Sigmund
  4284 | D:4      | Identified a scroll of acquirement
  4284 | D:4      | Acquired 832 gold pieces
  4398 | D:4      | Killed Sigmund
  4399 | D:4      | Reached XP level 7. HP: 53/53 MP: 7/7
  4629 | D:5      | Bought a potion of curing for 45 gold pieces
  4629 | D:5      | Bought a potion of berserk rage for 75 gold pieces
  4629 | D:5      | Bought a potion of heal wounds for 75 gold pieces
  4629 | D:5      | Bought a potion of lignification for 45 gold pieces
  4712 | D:5      | Reached skill level 4 in Fighting
  4712 | D:5      | Reached skill level 5 in Evocations
  4777 | D:5      | Found a staircase to the Ecumenical Temple.
  4782 | Temple   | Entered the Ecumenical Temple
  4931 | D:5      | Found a hazy altar of Hepliaklqana.
  5275 | D:5      | Found a burning altar of Makhleb.
  5611 | D:5      | Acquired 753 gold pieces
  5724 | D:4      | Became a worshipper of the Wu Jian Council
  5808 | D:6      | Reached XP level 8. HP: 36/61 MP: 8/8
  5932 | D:6      | Reached skill level 5 in Fighting
  5960 | D:6      | Reached skill level 5 in Armour
  5977 | D:6      | Found a basalt altar of Yredelemnul.
  6000 | D:6      | Reached skill level 5 in Dodging
  6233 | D:6      | Reached skill level 6 in Fighting
  6711 | D:7      | Reached * piety under Wu Jian
  6806 | D:7      | Gained mutation: You are partially covered in sharp spines.
                  | [demonic ancestry]
  6806 | D:7      | Reached XP level 9. HP: 48/62 MP: 9/9
  6867 | D:7      | Reached skill level 7 in Fighting
  6996 | D:7      | Found a shimmering altar of Xom.
  7057 | D:7      | Found an opulent altar of Gozag.
  7866 | D:8      | Noticed a kobold demonologist
  7873 | D:8      | Noticed a red devil
  7877 | D:8      | Killed a kobold demonologist
  7878 | D:8      | Reached skill level 8 in Fighting
  8104 | D:9      | Noticed Prince Ribbit
  8199 | D:9      | Killed Prince Ribbit
  8200 | D:9      | Reached XP level 10. HP: 82/82 MP: 10/10
  8224 | D:9      | Reached ** piety under Wu Jian
  8298 | D:9      | Noticed Harold
  8507 | D:9      | Reached skill level 9 in Fighting
  8582 | D:9      | Found a staircase to the Lair.
  8644 | D:9      | Found an iron altar of Okawaru.
  8700 | D:9      | Found a shimmering blue altar of Sif Muna.
  9093 | D:10     | Entered Level 10 of the Dungeon
  9111 | D:10     | Found an ancient bone altar of Kikubaaqudgha.
  9168 | D:10     | Found a blossoming altar of Fedhas.
  9658 | D:10     | You fall into a shaft and drop 3 floors!
  9658 | D:13     | Noticed a deep elf pyromancer
  9664 | D:13     | Noticed a manticore
  9667 | D:13     | Noticed a cyclops
  9674 | D:13     | Noticed a two-headed ogre
  9677 | D:13     | Noticed a tengu warrior
  9686 | D:12     | Noticed a cyan ugly thing
  9724 | D:12     | Noticed a two-headed ogre
  9811 | D:11     | Noticed a white ugly thing
  9820 | D:11     | HP: 1/85 [white ugly thing (29)]
  9839 | D:11     | Killed a white ugly thing
  9840 | D:11     | Reached skill level 10 in Fighting
  9845 | D:11     | Gained mutation: When hurt, damage is shared between your
                  | health and your magic reserves. [demonic ancestry]
  9845 | D:11     | Reached XP level 11. HP: 41/90 MP: 11/11
  9982 | D:10     | Noticed Maggie
 10024 | D:10     | Killed Maggie
 10282 | Lair:1   | Entered Level 1 of the Lair of Beasts
 10330 | Lair:1   | Reached *** piety under Wu Jian
 10366 | Lair:1   | You fall into a shaft and drop 1 floor!
 10705 | Lair:1   | Reached skill level 10 in Dodging
 10819 | Lair:1   | Reached skill level 11 in Fighting
 11554 | Lair:2   | Reached skill level 10 in Armour
 11614 | Lair:2   | Found a hole to the Spider Nest.
 11649 | Lair:2   | Identified the +2 pair of boots of Tesarinn {Will+ Dex+4}
 11787 | Lair:2   | Reached skill level 12 in Fighting
 11788 | Lair:2   | Gained mutation: You have a tail ending in a sharp stinger.
                  | [demonic ancestry]
 11788 | Lair:2   | Reached XP level 12. HP: 45/102 MP: 6/12
 11890 | Lair:2   | Noticed an eight-headed hydra
 11903 | Lair:2   | Killed an eight-headed hydra
 11903 | Lair:2   | Reached **** piety under Wu Jian
 11997 | Lair:2   | Noticed a seven-headed hydra
 12234 | Lair:2   | Found a staircase to the Swamp.
 12357 | Lair:3   | Noticed an eight-headed hydra
 12446 | Lair:3   | Noticed a four-headed hydra
 12458 | Lair:3   | Killed a four-headed hydra
 12561 | Lair:3   | Noticed a seven-headed hydra
 12587 | Lair:3   | Killed a seven-headed hydra
 12690 | Lair:3   | Killed an eight-headed hydra
 12823 | Lair:3   | Noticed an eight-headed hydra
 12872 | Lair:2   | Killed an eight-headed hydra
 12978 | Lair:3   | Noticed Tulew's ghost (journeyman NaTm)
 12983 | Lair:3   | Noticed a minotaur
 13210 | Lair:3   | Noticed a seven-headed hydra
 13229 | Lair:3   | Killed a seven-headed hydra
 13254 | Lair:3   | Noticed a boulder beetle
 13321 | Lair:3   | Identified the +2 whip "Ypemewiw" {flame, Dex+7}
 13543 | Lair:3   | Killed a boulder beetle
 13544 | Lair:3   | Reached skill level 13 in Fighting
 13600 | Lair:3   | Noticed a catoblepas
 13604 | Lair:3   | Found a runed translucent gate.
 13604 | Lair:3   | Found a runed translucent gate.
 13604 | Lair:3   | Found a runed translucent gate.
 13624 | Lair:3   | Killed a catoblepas
 13694 | Lair:3   | Reached ***** piety under Wu Jian
 13727 | Lair:3   | Noticed a six-headed hydra
 13742 | Lair:3   | Killed a six-headed hydra
 14339 | Lair:4   | Reached XP level 13. HP: 104/111 MP: 11/13
 14400 | Lair:4   | Identified the +2 pair of boots of Parts Unknown {Will+
                  | MP+9 Stlth+}
 15699 | Lair:5   | Reached skill level 1 in Shields
 15987 | Lair:5   | Noticed Urug
 16003 | Lair:5   | Killed Urug
 16471 | Lair:6   | Entered Level 6 of the Lair of Beasts
 16886 | Lair:6   | Noticed Kirke
 16923 | Lair:6   | Killed Kirke
 17049 | Lair:6   | Found a viscous altar of Jiyva.
 17049 | Lair:6   | Found a staircase to the Slime Pits.
 17179 | Lair:6   | Reached skill level 14 in Fighting
 17254 | Lair:6   | Gained mutation: You punish those that try to bend your
                  | will. (Will+) [demonic ancestry]
 17254 | Lair:6   | Reached XP level 14. HP: 68/120 MP: 14/14
 17254 | Lair:6   | Upgraded the game from 0.28-a0-674-gdaf460b524 to
                  | 0.28-a0-683-ga8797d1ae1
 18423 | D:11     | Found Piuskysk's Armour Boutique.
 18423 | D:11     | Found a staircase to the Orcish Mines.
 18465 | D:11     | You fall into a shaft and drop 1 floor!
 18734 | Orc:1    | Entered Level 1 of the Orcish Mines
 18764 | Orc:1    | Found Fauteusch's Antique Armour Shop.
 18783 | Orc:2    | Entered Level 2 of the Orcish Mines
 18789 | Orc:2    | Reached ****** piety under Wu Jian
 18923 | Orc:1    | Noticed Josephine
 19151 | Orc:2    | Paralysed by an orc sorcerer for 3 turns
 19379 | Orc:2    | Killed Josephine
 19496 | Orc:2    | Noticed Maurice
 19517 | Orc:2    | Noticed Sonja
 19521 | Orc:2    | Killed Sonja
 19779 | Orc:2    | Killed Maurice
 19911 | Orc:2    | Reached skill level 10 in Evocations
 20318 | Orc:2    | Found Maaffaid's CLEARANCE SALE!.
 20493 | Orc:2    | Found Utaut's Weapon Boutique.
 20493 | Orc:2    | Found Okhlial's Distillery.
 20504 | Orc:2    | Found Leaxtoyri's Book Boutique.
 20504 | Orc:2    | Found Okomiva's Distillery.
 20600 | Orc:2    | Found a staircase to the Elven Halls.
 20793 | Orc:2    | Bought a potion of heal wounds for 90 gold pieces
 21470 | D:13     | Found Giepai's Armour Emporium.
 21526 | D:13     | Reached skill level 15 in Fighting
 21992 | D:13     | Gained mutation: You are resistant to unholy torment.
                  | [demonic ancestry]
 21992 | D:13     | Reached XP level 15. HP: 69/129 MP: 15/15
 22358 | D:13     | Reached skill level 5 in Shields
 22699 | D:14     | Found a gate to the Vaults.
 23113 | D:15     | Entered Level 15 of the Dungeon
 23444 | D:15     | Noticed a fire giant
 23445 | D:15     | Found a staircase to the Depths.
 23454 | D:15     | HP: 4/129 [fire giant (15)]
 23454 | D:15     | HP: 1/129 [fire giant (3)]
 23456 | D:15     | Killed from afar by a fire giant

Illustrated notes

Levels and vault maps discovered:
D:1:      lightli_arrival_lavapool, layout_loops_ring,
          ebering_ecumenical_altar_sacrificial, serial_bayou_pond_e,
          nrook_uturn, kennysheep_nondescript, minmay_cupped
D:2:      layout_basic
D:3:      layout_loops_corners, marbit_many_paths, nicolae_uskayaw_suspiria
D:4:      layout_basic, mainiacjoe_overflow_24_doors, uniq_sigmund
D:5:      layout_cave_pools, general_overflow_altar, nzn_hepliaklqana_mist_gate,
          temple_doors_e, serial_shops, shop
D:6:      layout_cave_pools, mainiacjoe_overflow_paths, minivault_4,
          minmay_hedge_maze, st_stairs_12
D:7:      layout_loops_ring, mainiacjoe_overflow_cross_hatched,
          grunt_gozag_statues
D:8:      layout_rooms, elyvilon_altar_4
D:9:      layout_long_grid, nicolae_sif_muna_condensation,
          okawaru_altar_gauntlet_db, dpeg_oklobed_lair, uniq_harold,
          uniq_prince_ribbit1
D:10:     layout_loops_ring, lemuel_tele_altar,
          lemuel_zombie_altar_kikubaaqudgha, uniq_maggie
D:11:     layout_rooms, orc_david_3
D:12:     layout_cave_pools
D:13:     layout_long_grid, serial_shops, shop, minmay_fractal_squares_gapless_5
D:14:     layout_rooms, ximxim_vaults_locker_room, chequers_jeans,
          chequers_avenue
D:15:     grunt_enter_depths_giant_problem, layout_long_grid,
          ebering_ghost_inner_flame
Temple:   nicolae_temple_figure_zero
Lair:1:   layout_long_grid, serial_bayou_shore_a
Lair:2:   layout_big_grid, palyth_hydra_swamp_entry, spider_nest_entry_web_field
Lair:3:   nzn_winding_woodlands_large [nzn_winding_woodlands_5x5_cross,
          nzn_winding_woodlands_5x15_eye,
          nzn_winding_woodlands_5x5_checkerboard,
          nzn_winding_woodlands_center_diamonds,
          nzn_winding_woodlands_15x15_eel_pit,
          nzn_winding_woodlands_center_pierced_h,
          nzn_winding_woodlands_5x5_perimeter,
          nzn_winding_woodlands_5x15_longhouse,
          nzn_winding_woodlands_hourglass], layout_layer_cave,
          maelrawn_ghost_gauntlet_escape, serial_bayou, serial_bayou_crossing,
          serial_bayou_pond_c, serial_bayou_lagoon_a, serial_bayou_shore_b,
          disabler_island
Lair:4:   layout_regular_city, wad_woods_02, lemuel_fruit_fields,
          grunt_megastairs_4, infiniplex_staircase_pool
Lair:5:   dpeg_oklob_gauntlet, layout_regular_city,
          chequers_serial_rivers_small_3, uniq_urug
Lair:6:   grunt_lair_end_beastmaster, layout_long_grid,
          dpeg_slime_entry_enclosed_altar, lemuel_fruit_fields,
          lemuel_fruit_fields, uniq_kirke
Orc:1:    layout_diamond_mine, serial_shops, shop, uniq_josephine
Orc:2:    st_orc_mages, layout_diamond_mine, nicolae_shop_clearance, uniq_sonja,
          uniq_maurice

Skill      XL: |  1  2  3  4  5  6  7  8  9 10 11 12 13 14 15 |
---------------+----------------------------------------------+-----
Dodging        | 1 2 3 4 6 7 9 10 11 12 13 | 13.4
Armour         | 2 3 4 5 6 8 10 11 12 13 | 13.4
Fighting       | 2 3 4 6 8 10 12 13 14 15 | 15.5
Evocations     | 4 5 7 9 10 | 10.0
Shields        | 3 4 6 |  6.0
Stealth        | |  0.8

Action                   |  1- 3 |  4- 6 |  7- 9 | 10-12 | 13-15 || total
-------------------------+-------+-------+-------+-------+-------++-------
Melee: Whip              |   170 |       |       |       |    25 ||   195
       Rapier            |     7 |   139 |   317 |    54 |     3 ||   520
       Tailslap          |       |     1 |    69 |   129 |   240 ||   439
       War axe           |       |       |   115 |   466 |   995 ||  1576
       Lajatang          |       |       |       |     4 |    50 ||    54
       Unarmed           |       |       |       |       |    10 ||    10
       Scimitar          |       |       |       |       |   231 ||   231
Throw: Throwing net      |       |       |       |     1 |       ||     1
       Dart              |       |       |       |       |    21 ||    21
       Boomerang         |       |       |       |       |     7 ||     7
Invok: Lunge             |       |       |     6 |    16 |    41 ||    63
       Whirlwind         |       |       |       |    12 |    85 ||    97
Evoke: Wand              |     2 |     9 |     5 |    25 |     7 ||    48
  Use: Scroll            |       |    12 |     5 |    11 |    10 ||    38
       Potion            |       |       |     7 |     3 |     6 ||    16
 Stab: Sleeping          |     2 |       |     1 |     2 |     1 ||     6
       Petrified         |       |       |       |     3 |    10 ||    13
       Petrifying        |       |       |       |       |     1 ||     1
Armor: Ring mail         |    68 |    66 |   202 |       |       ||   336
       Leather armour    |     2 |       |       |       |       ||     2
       Skin              |       |       |     8 |       |       ||     8
       Steam dragon scal |       |       |    12 |    84 |       ||    96
       Swamp dragon scal |       |       |       |   263 |   141 ||   404
       Chain mail        |       |       |       |       |  1139 ||  1139
Dodge: Dodged            |    99 |    77 |   327 |   722 |   976 ||  2201
Block: Buckler           |       |       |       |       |   300 ||   300
       Kite shield       |       |       |       |       |   289 ||   289

Table legend: (Time is in decaauts)
 A = Elapsed time spent in this place.
 B = Non-inter-level travel time spent in this place.
 C = Inter-level travel time spent in this place.
 D = Time resting spent in this place.
 E = Time spent auto-exploring this place.
 F = Levels seen in this place.
 G = Mean time per level.
                   A        B        C        D        E       F      G
               +--------+--------+--------+--------+--------+-----+--------+
         Total |  24613 |  23692 |    921 |   3683 |  11159 |  24 | 1025.5 |
       Dungeon |  13693 |  13119 |    574 |   2225 |   6159 |  15 |  912.9 |
        Temple |    120 |    119 |      1 |      0 |    109 |   1 |  120.0 |
          Lair |   8413 |   8170 |    243 |   1071 |   4154 |   6 | 1402.2 |
  Orcish Mines |   2386 |   2284 |    102 |    387 |    737 |   2 | 1193.0 |
               +--------+--------+--------+--------+--------+-----+--------+

Top non-repeatable levels by time:
  Lair:3: 2161 daAuts
   Orc:2: 1842 daAuts
  Lair:6: 1728 daAuts
     D:1: 1564 daAuts
  Lair:1: 1285 daAuts
     D:4: 1242 daAuts
  Lair:4: 1166 daAuts
    D:13: 1137 daAuts
     D:3: 1112 daAuts
  Lair:2: 1055 daAuts
     D:7: 1042 daAuts
  Lair:5: 1017 daAuts
     D:9: 939 daAuts
     D:6: 912 daAuts
    D:10: 912 daAuts
